 Seeded DCSS version 0.31-a0-889-g1a8549509d (webtiles) character file.

Game seed: 15527868781854165169 (custom seed)

34 Mune the Chopper (level 3, 0/49 HPs)
             Began as a Minotaur Berserker on Oct 17, 2023.
             Was a Believer of Trog.
             Slain by Sigmund
             ... wielding a +5 scythe of pain
              (15 damage)
             ... on level 2 of the Dungeon.
             The game lasted 00:04:14 (935 turns).

Mune the Chopper (Minotaur Berserker)                Turns: 935, Time: 00:04:15

Health: 0/49       AC:  4    Str: 23    XL:     3   Next: 14%
Magic:  2/2        EV: 12    Int:  4    God:    Trog [**....]
Gold:   73         SH:  0    Dex:  9    Spells: 2/2 levels left

rFire   . . .        a - +0 hand axe
rCold   . . .        (no shield)
rNeg    . . .        b - +0 animal skin
rPois   .            e - +2 hat
rElec   .            (no cloak)
rCorr   .            (no gloves)
SInv    .            (no boots)
Will    .....        (no amulet) Stlth
                     (no ring)
HPRegen 0.28/turn    (no ring)
MPRegen 0.08/turn

%: no passive effects
@: berserking, very quick
A: horns 2, retaliatory headbutt
a: Renounce Religion, Berserk, Trog's Hand


You were on level 2 of the Dungeon.
You worshipped Trog.
Trog was pleased with you.
You visited 1 branch of the dungeon, and saw 2 of its levels.

You collected 73 gold pieces.

Inventory:

Hand Weapons
 a - a +0 hand axe (weapon)
Armour
 b - a +0 animal skin (worn)
 e - a +2 hat (worn)
Scrolls
 c - a scroll of identify {unknown}
 g - 3 scrolls of teleportation {unknown}
Potions
 d - a potion of curing {unknown}
 f - 2 potions of brilliance {unknown}


   Skills:
 + Level 4.1 Fighting
 + Level 4.6 Axes
 + Level 2.5 Armour
 + Level 2.3 Dodging


You had 2 spell levels left.
You didn't know any spells.
Your spell library was empty.

Dungeon Overview and Level Annotations

Branches:
Dungeon (2/15)

Altars:

Annotations:
D:2 Sigmund


Innate Abilities, Weirdness & Mutations

You have a pair of horns on your head.
You reflexively headbutt those who attack you in melee.


Message History

You hit the endoplasm.
You kill the endoplasm!
Trog accepts your kill.
No target in view!
HP restored.
A dart slug comes into view.
A dart slug is nearby!
The dart slug launches a dart at you. The slug dart misses you.
The dart slug launches a dart at you. The slug dart misses you.
The dart slug launches a dart at you. The slug dart misses you.
The dart slug closely misses you.
You slash the dart slug!
The dart slug is almost dead.
The dart slug barely misses you.
You hit the dart slug.
You kill the dart slug!
Trog accepts your kill.
Sigmund the Dreaded comes into view.
He is wielding a +5 scythe of pain.
Sigmund shouts!
Sigmund casts a spell at you. The magic dart hits you!
Sigmund hits you but does no damage.
Found 3 gold pieces.
You slash Sigmund! You punch Sigmund, but do no damage.
Sigmund is moderately wounded.
Sigmund hits you with a +5 scythe of pain!
A red film seems to cover your vision as you go berserk!
You feel yourself moving faster!
You feel mighty! Sigmund closely misses you.
You are too injured to fight recklessly!
You are too injured to fight recklessly!
You barely miss Sigmund. Your headbutt misses Sigmund.
Sigmund is moderately wounded.
You slash Sigmund!
Sigmund is severely wounded.
Sigmund hits you with a +5 scythe of pain!
You die...
Sigmund begins carving another notch in his scythe.

####.######## #.#
#...# #.# #...#
.###.####...#
............#
#####.......# #
###....†# ######.#
#.....# #@..^..#
#.#..## ##@.....#
#.#...###.......#
#.#.......?.....#
#....##.##...##...
#.........###.......
##.......#. .##...$
#.#..... .# ## ##.
......... ##
.......#.


You could see Sigmund.

Vanquished Creatures
  A dart slug (D:2)
  7 endoplasms
  A giant cockroach (D:1)
  A goblin (D:1)
  2 hobgoblins (D:1)
  6 kobolds (D:1)
  2 quokkas (D:1)
  A ball python (D:1)
  3 bats (D:1)
  4 frilled lizards (D:1)
  A rat (D:1)
29 creatures vanquished.

Notes
Turn   | Place    | Note
-------+----------+-------------------------------------------
     0 | D:1      | Mune the Minotaur Berserker began the quest for the Orb.
     0 | D:1      | Reached XP level 1. HP: 19/19 MP: 0/0
   198 | D:1      | Reached XP level 2. HP: 13/27 MP: 1/1
   378 | D:1      | Found a faded altar of an unknown god.
   506 | D:1      | Reached ** piety under Trog
   520 | D:1      | Reached XP level 3. HP: 33/33 MP: 2/2
   929 | D:2      | Noticed Sigmund
   935 | D:2      | Slain by Sigmund

Illustrated notes

Levels and vault maps discovered:
D:1:      beargit_arrival_greenhouse, layout_loops_ring,
          chequers_ecumenical_altar_simple, lexackson_kobold_supper
D:2:      layout_rooms, uniq_sigmund

Skill      XL: |  1  2 |
---------------+-------+-----
Axes           | 4 |  4.6
Fighting       | 4 |  4.1
Armour         | |  2.5
Dodging        | |  2.3

Action                     || total
---------------------------++-------
  Melee: Hand axe          ||    44
         Headbutt          ||     4
         Punch             ||     1
 Invoke: Berserk           ||     1
   Stab: Sleeping          ||     1
 Armour: Animal skin       ||    28
  Dodge: Dodged            ||    21

Table legend: (Time is in decaauts)
 A = Elapsed time spent in this place.
 B = Non-inter-level travel time spent in this place.
 C = Inter-level travel time spent in this place.
 D = Time resting spent in this place.
 E = Time spent auto-exploring this place.
 F = Levels seen in this place.
 G = Mean time per level.
                   A        B        C        D        E       F      G
               +--------+--------+--------+--------+--------+-----+--------+
         Total |    938 |    846 |     92 |      0 |    706 |   2 |  469.0 |
       Dungeon |    938 |    846 |     92 |      0 |    706 |   2 |  469.0 |
               +--------+--------+--------+--------+--------+-----+--------+

Top non-repeatable levels by time:
     D:1: 860 daAuts
     D:2: 77 daAuts
